 Dungeon Crawl Stone Soup version 0.31.0-9-g3a7656b989 (webtiles) character file.

Game seed: 1741960879203805388

3243 Amplified the Fighter (level 9, -2/75 HPs)
             Began as a Mummy Chaos Knight on Feb 3, 2024.
             Was a Plaything of Xom.
             Slain by a red ugly thing (33 damage)
             ... on level 6 of the Dungeon.
             The game lasted 00:14:09 (7231 turns).

Amplified the Fighter (Mummy Chaos Knight)          Turns: 7231, Time: 00:14:10

Health: -2/75      AC:  7    Str: 20    XL:     9   Next: 67%
Magic:  9/9        EV: 13    Int: 11    God:    Xom [....*.]
Gold:   964        SH:  0    Dex: 17    Spells: 8/8 levels left

rFire   x . .        l - +11 Singing Sword {sonic wave}
rCold   + . .        (no shield)
rNeg    + + +        g - +1 ring mail of the Old and Reckless {rElec Str+3 Dex+3}
rPois   ∞            (no helmet)
rElec   +            (no cloak)
rCorr   .            (no gloves)
SInv    .            (no boots)
Will    ++...        (no amulet)
Stlth   +            j - ring of willpower
HPRegen 0.32/turn    (no ring)
MPRegen 0.11/turn

%: faith
@: no status effects
A: cold resistance 1, negative energy resistance 3, torment resistance 2, heat
vulnerability 1, in touch with death 1, no potions, faith
a: Renounce Religion


You were on level 6 of the Dungeon.
You worshipped Xom.
You were a beloved toy of Xom.
You visited 1 branch of the dungeon, and saw 8 of its levels.

You collected 1964 gold pieces.
You spent 1000 gold pieces at shops.

Inventory:

Hand Weapons
 a - a +4 hand axe of chaos
 l - the +11 Singing Sword (weapon) {sonic wave}
   (You bought it in a shop on level 3 of the Dungeon)
Missiles
 c - 56 stones
Armour
 b - a +2 leather armour
 f - the +4 scale mail of Gocsetos {Harm rElec}
   (Xom gifted it to you on level 3 of the Dungeon)

   rElec:     It insulates you from electricity.
   Harm:      It increases damage dealt and taken.
 g - the +1 ring mail of the Old and Reckless (worn) {rElec Str+3 Dex+3}
   (You found it on level 3 of the Dungeon)

   Str+3:     It affects your strength (+3).
   Dex+3:     It affects your dexterity (+3).
   rElec:     It insulates you from electricity.
Jewellery
 j - a ring of willpower (left hand)
Wands
 k - a wand of polymorph (4) (quivered)
Scrolls
 d - 2 scrolls of immolation
 e - 4 scrolls of fog
 h - 4 scrolls of identify
 i - 3 scrolls of enchant weapon
 m - a scroll of revelation


   Skills:
 * Level 8.9 Fighting
 * Level 4.7 Long Blades
 - Level 4.2 Axes
 + Level 5.0 Armour
 + Level 4.7 Dodging


You had 8 spell levels left.
You didn't know any spells.
Your spell library contained the following spells:

 Spells                   Type           Power      Damage    Failure   Level
 Ensorcelled Hibernation  Hex/Ice        0%         N/A       65%         2
 Scorch                   Fire           0%         2d5       65%         2
 Dazzling Flash           Conj/Hex       0%         N/A       86%         3
 Fugue of the Fallen      Necr           0%         N/A       86%         3
 Tukima's Dance           Hex            0%         N/A       86%         3
 Volatile Blastmotes      Fire/Tloc      0%         2d10      86%         3
 Anguish                  Hex/Necr       0%         N/A       99%         4
 Flame Wave               Conj/Fire      0%         2d4       99%         4
 Passage of Golubria      Tloc           0%         N/A       99%         4
 Yara's Violent Unravell  Hex/Alch       0%         3d3       100%        5
 Starburst                Conj/Fire      0%         6d3       100%        6
 Summon Cactus Giant      Summ           0%         N/A       100%        6
 Maxwell's Capacitive Co  Air            0%         ∞         100%        8


Dungeon Overview and Level Annotations

Branches:
Dungeon (8/15)             Temple (0/1) D:4
   Lair: D:8-11

Altars:
Gozag
Ru
Xom

Shops:
D:3 (

Annotations:
D:8 1 runed translucent door, beef's ghost, novice HOFi


Innate Abilities, Weirdness & Mutations

You are immune to poison.
Your flesh is cold resistant. (rC+)
You are immune to negative energy. (rN+++)
You are immune to unholy pain and torment.
You are vulnerable to heat. (rF-)
You are in touch with the powers of death.
You do not drink.
You have a special connection with the divine. (Faith)


Message History

The sky beast misses you.
The red ugly thing pecks you but does no damage.
Unknown command.
The sky beast hits you. The sky beast shocks you. You resist.
Unknown command.
Unknown command.
You slash the sky beast!
The sky beast is heavily wounded.
Unknown command.
You feel your willpower return.
The water moccasin bites you but does no damage.
Unknown command.
The water moccasin attacks as it pursues you!
The water moccasin closely misses you.
The sky beast flickers out of sight!
Deactivating autopickup; reactivate with Ctrl-A.
The water moccasin completely misses you.
The water moccasin attacks as it pursues you!
The water moccasin completely misses you.
The water moccasin closely misses you.
You hit the water moccasin.
The water moccasin is almost dead.
You slash the red ugly thing!
The red ugly thing is moderately wounded.
The red ugly thing misses you.
You slash the red ugly thing!
The red ugly thing is heavily wounded.
The red ugly thing is no longer weakened.
The red ugly thing pecks you but does no damage.
You slash the red ugly thing!
The red ugly thing is severely wounded.
The red ugly thing pecks you.
You are engulfed in flames!!
The fire burns you terribly!
Xom thinks this is hilarious!
You hit the red ugly thing.
The red ugly thing is severely wounded.
The red ugly thing closely misses you. The red ugly thing pecks you!
You are engulfed in flames!!
The fire burns you terribly!
Xom roars with laughter!
You die...
Xom chuckles heartily!

..## #........#
....# ##........#
#..# #.........#
#..#####.........#
#...#...........#
#....#.........##
##.###<..<......#
#..# ####.....###
# #.## ###@### ##
##.# #u# .## #..#
#S# ..###.## ###.#
#.!#..## #...#
.##....# #.#.#
...#.#.# #...#
...##..# #.#.#
....#..# #...#


You could see a red ugly thing and a water moccasin.

Vanquished Creatures
  A troll (D:6)
  A yak (D:6)
  A hog (D:6)
  Duvessa (D:6)
  2 water moccasins
  2 sky beasts (D:7)
  A swamp drake (D:8)
  4 centaurs
  A kobold brigand (D:8)
  2 bullfrogs (D:7)
  2 scorpions (D:6)
  5 wights
  Dowan (D:6)
  3 killer bees (D:8)
  3 howler monkeys
  4 bombardier beetles
  A hound (D:6)
  An orc priest (D:6)
  3 iguanas
  2 jellies
  A sleepcap (D:7)
  Terence (D:2)
  2 orc wizards
  6 gnolls
  5 adders
  A shadow imp (D:6)
  A white imp (D:5)
  A dart slug (D:4)
  2 ribbon worms (D:3)
  17 orcs
  7 ball pythons
  8 endoplasms
  4 giant cockroaches (D:2)
  8 goblins
  4 hobgoblins
  11 jackals
  13 kobolds
  3 quokkas
  4 bats
  3 frilled lizards
  2 rats
145 creatures vanquished.

Vanquished Creatures (collateral kills)
  A water moccasin (D:7)
  A bullfrog (D:6)
  2 wights (D:6)
  An iguana (D:6)
  An orc (D:6)
6 creatures vanquished.

Vanquished Creatures (others)
  A hobgoblin zombie (D:3)
1 creature vanquished.

Grand Total: 152 creatures vanquished

Notes
Turn   | Place    | Note
-------+----------+-------------------------------------------
     0 | D:1      | Amplified the Mummy Chaos Knight began the quest for the
                  | Orb.
     0 | D:1      | Reached XP level 1. HP: 18/18 MP: 1/1
     2 | D:1      | Noticed a demonspawn
     2 | D:1      | Noticed an elf
     4 | D:1      | Noticed a gargoyle
     4 | D:1      | Noticed a djinni
     6 | D:1      | Noticed an armataur
     6 | D:1      | Noticed a ghoul
     8 | D:1      | Noticed a tengu
     8 | D:1      | Noticed a formicid
    10 | D:1      | Noticed a minotaur
    10 | D:1      | Noticed a demigod
    12 | D:1      | Noticed a troll
    14 | D:1      | Noticed an octopode
    14 | D:1      | Noticed a vampire
    17 | D:1      | Noticed a naga
    17 | D:1      | Noticed a merfolk
    19 | D:1      | Noticed a barachi
    21 | D:1      | Noticed an oni
    23 | D:1      | Noticed a draconian
    23 | D:1      | Noticed a vine stalker
    25 | D:1      | Noticed a spriggan
    25 | D:1      | Noticed a felid
    27 | D:1      | Noticed a human
   136 | D:1      | XOM: silly message
   159 | D:1      | Reached skill level 1 in Dodging
   159 | D:1      | Reached XP level 2. HP: 23/24 MP: 2/2
   492 | D:1      | XOM: silly message
   524 | D:1      | XOM: silly message
   706 | D:1      | XOM: silly message
   730 | D:1      | XOM: silly message
   823 | D:1      | XOM: summons 2 hostile demons
   824 | D:1      | Noticed a crimson imp
   969 | D:2      | XOM: 2-stop teleportation journey
   988 | D:2      | Reached XP level 3. HP: 28/29 MP: 3/3
  1028 | D:2      | XOM: divination: detect creatures
  1063 | D:2      | XOM: fog
  1073 | D:2      | XOM: god gift: 5 stones
  1260 | D:2      | Noticed Terence
  1279 | D:2      | Killed Terence
  1280 | D:2      | Reached XP level 4. HP: 4/37 MP: 4/4
  1915 | D:2      | XOM: summons 3 hostile demons
  2134 | D:3      | XOM: silly message
  2136 | D:3      | Reached skill level 4 in Fighting
  2241 | D:3      | XOM: summons 1 hostile demon
  2309 | D:3      | XOM: 7-stop teleportation journey
  2317 | D:3      | XOM: god gift: scroll labelled ISUIPR FUIPTO {god gift}
  2386 | D:3      | Reached XP level 5. HP: 38/42 MP: 5/5
  2477 | D:3      | Found a faded altar of an unknown god.
  2524 | D:3      | Found Uxig Juk's Weapon Boutique.
  2582 | D:3      | Identified the +1 ring mail of the Old and Reckless {rElec
                  | Str+3 Dex+3}
  2657 | D:3      | XOM: god gift: warped scale mail {god gift}
  2657 | D:3      | Identified the +4 scale mail of Gocsetos {Harm rElec} (Xom
                  | gifted it to you on level 3 of the Dungeon)
  2715 | D:3      | XOM: scenery: 1 doors close
  2792 | D:3      | XOM: stat loss: -1 Int (10/11)
  2919 | D:3      | XOM: silly message
  2952 | D:4      | XOM: noise
  2955 | D:4      | Noticed a water moccasin
  3168 | D:4      | Reached XP level 6. HP: 30/49 MP: 6/6
  3408 | D:4      | Found a staircase to the Ecumenical Temple.
  3416 | D:4      | XOM: enchant monster (good)
  3431 | D:4      | XOM: blink monster(s)
  3437 | D:4      | Killed a water moccasin
  3680 | D:4      | XOM: silly message
  3902 | D:5      | Entered Level 5 of the Dungeon
  3970 | D:5      | Reached skill level 5 in Fighting
  4087 | D:5      | Noticed Duvessa
  4087 | D:5      | Noticed Dowan
  4193 | D:5      | XOM: silly message
  4199 | D:5      | XOM: divination: detect items
  4201 | D:5      | XOM: potion effect (invisibility)
  4228 | D:5      | XOM: noise
  4267 | D:5      | XOM: blink monster(s)
  4367 | D:6      | XOM: 1-stop teleportation journey
  4373 | D:6      | Identified a scroll of acquirement
  4373 | D:6      | Acquired 1016 gold pieces
  4459 | D:6      | Reached XP level 7. HP: 56/56 MP: 7/7
  4473 | D:6      | XOM: summons friendly sixfirhy
  4546 | D:6      | XOM: 2-stop teleportation journey
  4551 | D:6      | Reached skill level 6 in Fighting
  4593 | D:6      | XOM: summons 1 hostile demon
  4671 | D:6      | XOM: swap monsters
  4677 | D:6      | Killed Duvessa
  4680 | D:6      | Killed Dowan
  4681 | D:6      | Reached XP level 8. HP: 42/65 MP: 8/8
  4740 | D:3      | Bought the +11 Singing Sword {sonic wave} for 1000 gold
                  | pieces
  4740 | D:3      | Found the +11 Singing Sword {sonic wave}
  4830 | D:5      | XOM: summons 5 hostile demons
  4857 | D:5      | XOM: noise
  4894 | D:5      | XOM: stat loss: -1 Str (19/20)
  5079 | D:6      | Reached skill level 1 in Long Blades
  5086 | D:6      | XOM: stat loss: -1 Int (10/11)
  5184 | D:6      | XOM: silly message
  5191 | D:6      | Reached skill level 7 in Fighting
  5286 | D:6      | XOM: potion effect (haste)
  5338 | D:6      | XOM: silly message
  5537 | D:6      | Noticed a troll
  5620 | D:7      | XOM: divination: detect creatures
  5649 | D:7      | Identified the +1 ring mail of Touhoh {rElec rC+}
  5737 | D:7      | XOM: summons 6 friendly demons
  5742 | D:7      | Reached XP level 9. HP: 27/74 MP: 9/9
  5765 | D:8      | XOM: cast spell 'Leda's Liquefaction'
  5862 | D:8      | Found a runed translucent door.
  5862 | D:8      | Noticed beef's ghost (novice HOFi)
  5862 | D:8      | XOM: 4-stop teleportation journey
  5915 | D:8      | Found a sacrificial altar of Ru.
  5935 | D:8      | XOM: 2-stop teleportation journey
  5977 | D:8      | Found a shimmering altar of Xom.
  6166 | D:8      | XOM: god gift: 595 gold pieces
  6174 | D:8      | Reached skill level 8 in Fighting
  6244 | D:8      | Noticed a centaur warrior
  6246 | D:8      | XOM: cloud trail
  6375 | D:8      | XOM: scenery: create altars
  6473 | D:8      | XOM: summons friendly iron imp
  6538 | D:8      | Found an opulent altar of Gozag.
  6653 | D:8      | XOM: scenery: summon butterflies
  6760 | D:7      | XOM: chaos upgrade
  6881 | D:7      | XOM: noise
  7011 | D:6      | XOM: 4-stop teleportation journey
  7012 | D:6      | XOM: cast spell 'Alistair's Intoxication'
  7056 | D:6      | Killed a troll
  7057 | D:6      | Reached skill level 5 in Armour
  7183 | D:6      | XOM: chaos cloud
  7209 | D:6      | Noticed a red ugly thing
  7215 | D:6      | XOM: cast spell 'Chain of Chaos'
  7231 | D:6      | Slain by a red ugly thing

Illustrated notes

Levels and vault maps discovered:
D:1:      kb_arrival_jail, layout_basic
D:2:      layout_basic, uniq_terence
D:3:      layout_loops_corners, serial_shops, shop,
          hellmonk_ecumenical_altar_blasted, dk_vineyard_2
D:4:      nicolae_BIG_FREAKIN_CUBE, layout_rooms, minmay_temple_entry_arrows,
          dk_noncrumbling_2
D:5:      layout_rooms, uniq_duvessa
D:6:      hellmonk_ruined_rings, layout_cave_pods, hangedman_decor_growths,
          hangedman_minor_gate_pass
D:7:      layout_rooms
D:8:      layout_basic, mainiacjoe_overflow_chevrons,
          nicolae_overflow_crystal_walls, mainiacjoe_overflow_small_starburst,
          ebering_ghost_inner_flame

Skill      XL: |  1  2  3  4  5  6  7  8  9 |
---------------+----------------------------+-----
Dodging        | 1 2 3 4 |  4.7
Armour         | 2 3 4 5 |  5.0
Axes           | 3 4 |  4.2
Fighting       | 4 5 6 7 8 |  8.9
Long Blades    | 3 4 |  4.7

Action                     |  1- 3 |  4- 6 |  7- 9 || total
---------------------------+-------+-------+-------++-------
  Melee: Hand axe          |   119 |   145 |    18 ||   282
         Double sword      |       |       |   118 ||   118
         Punch             |       |       |     1 ||     1
  Throw: Stone             |     3 |       |       ||     3
  Evoke: Wand              |       |     1 |    15 ||    16
    Use: Scroll            |     8 |     9 |     3 ||    20
   Stab: Sleeping          |       |     1 |       ||     1
         Confused          |       |     2 |       ||     2
         Invisible         |       |     2 |       ||     2
         Distracted        |       |       |     1 ||     1
 Armour: Leather armour    |    85 |    32 |       ||   117
         Skin              |     3 |       |       ||     3
         Ring mail         |       |    72 |   141 ||   213
  Dodge: Dodged            |    77 |    96 |   117 ||   290
